 Dungeon Crawl Stone Soup version 0.19.1 (webtiles) character file.

868 ChaseSP the Cleaver (level 8, -4/58 HPs)
             Began as a Formicid Fighter on Dec 2, 2016.
             Slain by an ogre
             ... wielding a +0 giant club
              (10 damage)
             ... on level 5 of the Dungeon.
             The game lasted 00:08:21 (4057 turns).

ChaseSP the Cleaver (Formicid Fighter)              Turns: 4057, Time: 00:08:21

Health: -4/58      AC: 10    Str: 22    XL:     8   Next: 23%
Magic:  0/8        EV:  7    Int:  5    God:
Gold:   364        SH: 10    Dex: 14    Spells: 0 memorised, 7 levels left

rFire  . . .     SeeInvis +     a - +0 war axe
rCold  + . .     Gourm    .     q - +0 chain mail
rNeg   . . .     Faith    .     c - +0 shield
rPois  .         Spirit   +     (helmet unavailable)
rElec  .         Reflect  .     b - +0 cloak
rCorr  .         Harm     .     (no gloves)
MR     .....                    (no boots)
Stlth  ..........               s - amulet of guardian spirit
                                (no ring)
                                e - +1 ring of evasion

@: no status effects
A: permanent stasis, dig shafts and tunnels, four strong arms, antennae 3, agile
1, cold resistance 1, dopey 1, sense surroundings 1, wild magic 1, no device
heal 1
a: Dig, Shaft Self


You were on level 5 of the Dungeon.
You were not hungry.

You visited 1 branch of the dungeon, and saw 6 of its levels.

You collected 364 gold pieces.

Inventory:

Hand Weapons
 a - a +0 war axe (weapon)
Missiles
 r - 80 bolts
Armour
 b - a +0 cloak (worn)
 c - a +0 shield (worn)
 q - a +0 chain mail (worn)
Jewellery
 e - a +1 ring of evasion (left hand)
 p - an uncursed ring of fire
 s - an amulet of guardian spirit (around neck)
Wands
 z - a wand of lightning (12/15)
Scrolls
 d - 3 scrolls of magic mapping
 g - 2 scrolls of teleportation
 i - 3 scrolls of random uselessness {unknown}
 l - a scroll of immolation {unknown}
 o - 3 scrolls of remove curse
 v - 2 scrolls of enchant weapon {unknown}
 x - a scroll of fog {unknown}
 y - a scroll of fear {unknown}
Potions
 j - a potion of cure mutation {unknown}
 k - a potion of flight {unknown}
 t - 2 potions of heal wounds
Comestibles
 f - a bread ration
 h - 3 meat rations
 n - 2 beef jerkies
 u - 3 chunks of flesh


   Skills:
 - Level 3.2 Fighting
 * Level 8.4 Axes
 - Level 3.2 Armour
 - Level 5.3 Shields


You had 7 spell levels left.
You didn't know any spells.

Dungeon Overview and Level Annotations

Branches:
Dungeon (6/15)
 Temple: D:4-7

Altars:
Ashenzari
Fedhas
Makhleb
Ru
Trog
Vehumet
Xom
Zin


Innate Abilities, Weirdness & Mutations

You are under a permanent stasis effect.
You can dig through walls and to a lower floor.
Your four strong arms can wield two-handed weapons with a shield.
You have a pair of large antennae on your head. (SInv)
You are agile. (Dex +2)
Your flesh is cold resistant. (rC+)
You are dopey. (Int -2)
You passively map a small area around you.
Your spells are a little harder to cast, but a little more powerful.
Potions and wands are less effective at restoring your health.


Message History

* * * LOW HITPOINT WARNING * * *
You barely miss the ogre.
The ogre is severely wounded.
The ogre completely misses you.
Your chain mail prevents you from hitting the ogre.
The ogre is severely wounded.
You block the ogre's attack.
You closely miss the ogre.
The ogre is severely wounded.
The ogre barely misses you.
You slash the ogre!
The ogre is almost dead.
The ogre hits you with a giant club.
* * * LOW HITPOINT WARNING * * *
You hit the ogre but do no damage.
The ogre is almost dead.
You barely miss the ogre.
The ogre is almost dead.
The ogre hits you with a giant club!
You die...

#.#.......#,,,,,,,#.....
#.##..)..##*,,,,,*##....
#..##...## **,,,** ##...
*#..##(#######+#######'#
*#....(................
#.....................
#.....................
####'#######+#######'#
*#..@#* **,,,** ##...
*#....O#**,,,,,*##....
#.......#{,,,,,,#.....
#.......#,,,,,,,#.....
#...[...#,,,,,,,#.....
##.....##*,,,,,*##....
##...## **,,,** ##...
##### ***** *#### *,,,,


You could see an ogre.

Vanquished Creatures
  An ogre (D:3)
  3 centaurs
  A bullfrog (D:6)
  An orc wizard (D:4)
  Crazy Yiuf (D:2)
  An orc priest (D:4)
  A gnoll shaman (D:4)
  3 hounds
  A jelly (D:5)
  An iguana (D:3)
  2 worker ants
  A hound zombie (D:6)
  3 gnolls (D:3)
  2 adders (D:2)
  5 oozes
  3 worms
  A dart slug (D:1)
  2 leopard geckos
  7 orcs (D:3)
  7 giant cockroaches
  4 hobgoblins
  19 jackals
  2 quokkas (D:3)
  5 bats
  6 frilled lizards
  6 goblins
  7 kobolds
  11 rats
  A fungus (D:3)
108 creatures vanquished.

Notes
Turn   | Place    | Note
-------+----------+-------------------------------------------
     0 | D:1      | ChaseSP the Formicid Fighter began the quest for the Orb.
     0 | D:1      | Reached XP level 1. HP: 18/18 MP: 1/1
     1 | D:1      | Found a runed door.
    89 | D:1      | Reached XP level 2. HP: 23/24 MP: 2/2
   139 | D:1      | Reached skill level 3 in Axes
   254 | D:1      | Reached XP level 3. HP: 29/29 MP: 3/3
   604 | D:1      | Reached XP level 4. HP: 22/35 MP: 4/4
   612 | D:1      | Reached skill level 4 in Axes
  1013 | D:2      | Found a runed door.
  1052 | D:2      | Noticed Crazy Yiuf
  1061 | D:2      | Killed Crazy Yiuf
  1061 | D:2      | Reached XP level 5. HP: 7/41 MP: 5/5
  1343 | D:2      | Found a faded altar of an unknown god.
  1352 | D:2      | Reached skill level 5 in Axes
  1643 | D:2      | Found a shattered altar of Ashenzari.
  2061 | D:3      | Noticed a centaur
  2070 | D:3      | Killed a centaur
  2070 | D:3      | Reached skill level 6 in Axes
  2070 | D:3      | Reached XP level 6. HP: 23/47 MP: 2/6
  3370 | D:4      | Noticed an ogre
  3378 | D:3      | Killed an ogre
  3378 | D:3      | Reached XP level 7. HP: 22/52 MP: 1/7
  3381 | D:3      | Reached skill level 7 in Axes
  3604 | D:4      | Found a radiant altar of Vehumet.
  3608 | D:4      | Found a sacrificial altar of Ru.
  3609 | D:4      | Found a glowing silver altar of Zin.
  3610 | D:4      | Found a shimmering altar of Xom.
  3611 | D:4      | Found a blossoming altar of Fedhas.
  3613 | D:4      | Found a bloodstained altar of Trog.
  3614 | D:4      | Found a burning altar of Makhleb.
  3731 | D:4      | Reached skill level 5 in Shields
  3741 | D:4      | You fall through a shaft for 2 floors!
  3880 | D:6      | Reached XP level 8. HP: 37/58 MP: 5/8
  3926 | D:5      | Entered Level 5 of the Dungeon
  3934 | D:5      | Reached skill level 8 in Axes
  4034 | D:5      | Gained mutation: You are dopey. (Int -2) [potion of mutation]
  4034 | D:5      | Gained mutation: Your flesh is cold resistant. (rC+) [potion of mutation]
  4034 | D:5      | Gained mutation: You passively map a small area around you. [potion of mutation]
  4035 | D:5      | Gained mutation: You are agile. (Dex +2) [potion of mutation]
  4035 | D:5      | Gained mutation: Your spells are a little harder to cast, but a little more powerful. [potion of mutation]
  4035 | D:5      | Gained mutation: Potions and wands are less effective at restoring your health. [potion of mutation]
  4057 | D:5      | Slain by an ogre

Skill      XL: |  1  2  3  4  5  6  7  8 |
---------------+-------------------------+-----
Axes           | 3 4 6 7 8 |  8.4
Shields        | 4 5 |  5.3
Fighting       | |  3.2
Armour         | |  3.2

Action                   |  1- 3 |  4- 6 |  7- 9 || total
-------------------------+-------+-------+-------++-------
Melee: War axe           |    84 |   211 |    82 ||   377
 Abil: Shaft Self        |       |       |     1 ||     1
  Use: Scroll            |     1 |     1 |     4 ||     6
       Potion            |       |     5 |     3 ||     8
  Eat: Chunk             |       |     7 |     4 ||    11
Armor: Scale mail        |    35 |    19 |       ||    54
       Chain mail        |       |   104 |    48 ||   152
Dodge: Dodged            |    34 |    75 |    35 ||   144
Block: Shield            |    40 |   132 |    49 ||   221
